 Dungeon Crawl Stone Soup version 0.24-a0-333-g864f2b5 (webtiles) character file.

Game seed: 1090268180142551220

165 mhoghedin the Chopper (level 5, 0/41 HPs)
             Began as a Mummy Fighter on May 17, 2019.
             Slain by a gnoll
             ... wielding a +0 flail
              (5 damage)
             ... on level 2 of the Dungeon.
             The game lasted 00:02:02 (1630 turns).

mhoghedin the Chopper (Mummy Fighter)               Turns: 1630, Time: 00:02:03

Health: 0/41       AC:  6    Str: 20    XL:     5   Next: 22%
Magic:  5/5        EV:  7    Int:  7    God:
Gold:   95         SH:  9    Dex: 12    Spells: 4/4 levels left

rFire    x . .     SeeInvis .   a - +0 war axe
rCold    + . .     Gourm    .   c - +0 shield
rNeg     + + +     Faith    +   b - +0 scale mail
rPois    ∞         Spirit   .   (no helmet)
rElec    .         Reflect  .   (no cloak)
rCorr    .         Harm     .   (no gloves)
MR       .....                  (no boots)
Stlth    ..........             h - amulet of faith {Faith, !P}
HPRegen  0.13/turn              (no ring)
MPRegen  0.09/turn              (no ring)

@: no status effects
A: no food or potions, fire vulnerability, cold resistance 1, negative energy
resistance 3, torment resistance, unbreathing
a: no special abilities


You were on level 2 of the Dungeon.
You were not hungry.

You visited 1 branch of the dungeon, and saw 2 of its levels.

You collected 95 gold pieces.

Inventory:

Hand Weapons
 a - a +0 war axe (weapon)
Armour
 b - a +0 scale mail (worn)
 c - a +0 shield (worn)
 g - a +0 pair of boots
   (You found it on level 1 of the Dungeon)
Jewellery
 h - an amulet of faith (around neck) {Faith, !P}
   (You found it on level 1 of the Dungeon)
Scrolls
 d - 5 scrolls of identify {unknown}
 e - a scroll of random uselessness {unknown}
 f - a scroll of enchant armour {unknown}


   Skills:
 - Level 3.0 Fighting
 + Level 4.5 Axes
 - Level 2.4 Armour
 - Level 2.4 Shields


You had 4 spell levels left.
You didn't know any spells.
Your spell library was empty.

Dungeon Overview and Level Annotations

Branches:
Dungeon (2/15)

Altars:
Hepliaklqana
Xom
The Shining One


Innate Abilities, Weirdness & Mutations

You do not eat or drink.
Your flesh is vulnerable to fire.
You are immune to poison.
Your flesh is cold resistant. (rC+)
You are immune to negative energy. (rN+++)
You are immune to unholy pain and torment.
You can survive without breathing.


Message History

Deactivating autopickup; reactivate with Ctrl-A.
Something hits you but does no damage.
You closely miss something. Something hits you but does no damage.
You miss something. Something hits you but does no damage.
You miss something. Something hits you but does no damage. Something hits you.
Something shocks you.
You take 9 damage, and have 14/29 hp.
MASSIVE DAMAGE!!
You closely miss something.
A sky beast appears from thin air!
Reactivating autopickup.
You block the sky beast's attack.
You completely miss the sky beast.
The sky beast flickers out of sight!
Deactivating autopickup; reactivate with Ctrl-A.
Something hits you but does no damage. x2
You closely miss something. Something hits you but does no damage.
You barely miss something. Something hits you but does no damage.
You miss something.
Something hits you but does no damage. x2
You miss something. You block something's attack.
You completely miss something.
Something hits you but does no damage. x2
Your shield and scale mail prevent you from hitting something.
Something hits you but does no damage.
You miss something. Something hits you. Something shocks you.
You take 6 damage, and have 9/29 hp.
MASSIVE DAMAGE!!
Something completely misses you.
A sky beast appears from thin air!
Reactivating autopickup.
The sky beast flickers out of sight!
Deactivating autopickup; reactivate with Ctrl-A.
You aren't carrying any items that you can evoke.
You can't drink.
What are your orders? t - Shout!
Orders for allies: a - Attack new target. r - Retreat! s - Stop attacking. g - Guard the area. f - Follow me.
Anything else - Cancel.
Okay, then.
Unknown command.
A sky beast appears from thin air!
Reactivating autopickup.
There is an open door here.
You closely miss the sky beast. The sky beast completely misses you.
You hit the sky beast.
The sky beast hits you but does no damage.
The sky beast closely misses you.
You slash the sky beast!
The sky beast flickers out of sight!
Deactivating autopickup; reactivate with Ctrl-A.
Something hits you but does no damage.
You slash something!
Reactivating autopickup.
Your Axes skill increases to level 4!
You have reached level 4!
You have reached level 5!
You feel agile.
You feel a bit more experienced.
You regained 5 hp, and now have 17/41 hp.
MP restored: 5 You start resting.
Health restored: 41
There is an open door here.
You see here a sky beast corpse.
Found a stone staircase leading down.
You now have 86 gold pieces (gained 10).
You see here an emerald potion.
You now have 95 gold pieces (gained 9). 2 gnolls come into view.
The gnoll shouts!
A gnoll comes into view. It is wielding a +0 spear.
An ooze comes into view.
The gnoll hits you from afar with a +0 spear.
The gnoll hits you with a +0 flail. You block the gnoll's attack.
You take 4 damage, and have 37/41 hp.
You slash the gnoll! You hit the gnoll.
The gnoll hits you from afar with a +0 spear.
The gnoll barely misses you. The gnoll closely misses you.
You take 4 damage, and have 33/41 hp.
You hit the gnoll. You barely miss the gnoll.
The gnoll hits you from afar with a +0 spear!
The gnoll barely misses you. You block the gnoll's attack.
The gnoll hits you from afar with a +0 spear.
You take 9 damage, and have 24/41 hp.
MASSIVE DAMAGE!!
Unknown command.
You slash the gnoll!
You kill the gnoll!
The gnoll hits you from afar with a +0 spear.
You take 2 damage, and have 22/41 hp.
You barely miss the gnoll. The gnoll hits you with a +0 flail!
You block the gnoll's attack.
You take 8 damage, and have 14/41 hp.
You hit the gnoll but do no damage. You block the gnoll's attack. x2
The gnoll hits you with a +0 flail!
* * * LOW HITPOINT WARNING * * *
The gnoll hits you from afar with a +0 spear.
* * * LOW HITPOINT WARNING * * *
You take 11 damage, and have 3/41 hp.
MASSIVE DAMAGE!!
You barely miss the gnoll. The gnoll hits you with a +0 flail.
You die...

.......##..#.#...#
.......###.#.#...#####
.......# #...#.......#
.......# ##..###.###.#
.......# #..# #.# #.#
...÷..#####..###.###.# ###
............>........# #.. #
.......##.....####..####.###.#
.......##.......@g..# #.....
######.÷.......####J# #...#
#.............####.####..#
#....!...........#.J.J.g.#
#................#######.#
#............!...# #...#
#............#...# #.###
#.......######...# #J#
#.......# +...+ #..#


You could see a gnoll and an ooze.

Vanquished Creatures
  A sky beast (D:2)
  A gnoll (D:2)
  An adder (D:2)
  An ooze (D:1)
  A worm (D:2)
  2 dart slugs
  2 leopard geckos (D:1)
  4 giant cockroaches (D:2)
  6 goblins
  2 hobgoblins
  5 jackals (D:1)
  4 kobolds
  4 bats
  5 frilled lizards
  5 rats
44 creatures vanquished.

Notes
Turn   | Place    | Note
-------+----------+-------------------------------------------
     0 | D:1      | mhoghedin the Mummy Fighter began the quest for the Orb.
     0 | D:1      | Reached XP level 1. HP: 18/18 MP: 1/1
    29 | D:1      | Reached skill level 2 in Axes
    42 | D:1      | Reached XP level 2. HP: 22/24 MP: 2/2
   607 | D:1      | Reached XP level 3. HP: 29/29 MP: 3/3
   706 | D:1      | Found a glowing golden altar of the Shining One.
   708 | D:1      | Found a glowing golden altar of the Shining One.
   708 | D:1      | Found an ancient bone altar of Kikubaaqudgha.
   710 | D:1      | Found a hazy altar of Hepliaklqana.
   710 | D:1      | Found a shimmering altar of Xom.
   710 | D:1      | Found an opulent altar of Gozag.
   753 | D:1      | Reached skill level 3 in Axes
  1299 | D:2      | Noticed a sky beast
  1345 | D:2      | Killed a sky beast
  1345 | D:2      | Reached skill level 4 in Axes
  1345 | D:2      | Reached XP level 4. HP: 14/35 MP: 4/4
  1345 | D:2      | Reached XP level 5. HP: 17/41 MP: 5/5
  1617 | D:2      | HP: 7/41 [gnoll/+0 flail (7)]
  1617 | D:2      | HP: 3/41 [gnoll/+0 spear (4)]
  1630 | D:2      | Slain by a gnoll

Levels and vault maps discovered:
D:1:      scummos_arrival_simple_crosswalls, layout_loops_ring,
          chequers_serial_rivers_large_a, corner_web_ring, hex_medium,
          doesnt_xom_only_xom
D:2:      layout_basic, first_ration, minmay_worlds_worst_comb

Skill      XL: |  1  2  3 |
---------------+----------+-----
Axes           | 2 4 |  4.5
Fighting       | |  3.0
Armour         | |  2.4
Shields        | |  2.4

Action                   |  1- 3 |  4- 6 || total
-------------------------+-------+-------++-------
Melee: War axe           |   166 |     6 ||   172
Armor: Scale mail        |   102 |       ||   102
Dodge: Dodged            |    54 |     3 ||    57
Block: Shield            |    70 |     5 ||    75

Table legend:
 A = Non-vault XP
 B = Vault XP
 C = Vault XP percentage of total XP
 D = Non-vault monster count
 E = Vault monster count
 F = Vault count percentage of total count
                 A         B        C        D         E       F
            +---------+---------+-------+---------+---------+-------
      Total |     229 |       8 |   3.4 |      40 |       4 |   9.1
            +---------+---------+-------+---------+---------+-------
        D:1 |      53 |       0 |   0.0 |      25 |       0 |   0.0
        D:2 |     176 |       8 |   4.3 |      15 |       4 |  21.1
            +---------+---------+-------+---------+---------+-------

Levels and vault maps discovered:
D:1:      scummos_arrival_simple_crosswalls, layout_loops_ring,
          chequers_serial_rivers_large_a, corner_web_ring, hex_medium,
          doesnt_xom_only_xom
D:2:      layout_basic, first_ration, minmay_worlds_worst_comb

Table legend:
 A = Turns spent in this place as a percentage of turns spent in the entire game.
 B = Non-inter-level travel turns spent in this place as a percentage of non-inter-level travel turns spent in the entire game.
 C = Inter-level travel turns spent in this place as a percentage of turns spent in this place.
 D = Turns resting spent in this place as a percentage of non-inter-level travel turns spent in this place.
 E = Turns spent auto-exploring this place as a percentage of non-inter-level travel turns spent in this place.
 F = Non-inter-level travel turns spent in this place divided by the number of levels of this place that you've seen.
                   A       B       C       D       E      F
               +-------+-------+-------+-------+-------+----------------------
         Total | 100.0 | 100.0 |   1.3 |  29.1 |  51.1 | 804.5
       Dungeon | 100.0 | 100.0 |   1.3 |  29.1 |  51.1 | 804.5
               +-------+-------+-------+-------+-------+----------------------

Table legend:
 A = Kills in this place as a percentage of kills in entire the game.
 B = Kills by you in this place as a percentage of kills by you in the entire game.
 C = Kills by friends in this place as a percentage of kills by friends in the entire game.
 D = Other kills in this place as a percentage of other kills in the entire game.
 E = Experience gained in this place as a percentage of experience gained in the entire game.
 F = Experience gained in this place divided by the number of levels of this place that you have seen.
                   A       B       C       D       E      F
               +-------+-------+-------+-------+-------+----------------------
         Total | 100.0 | 100.0 |   N/A |   N/A | 100.0 | 118.5
       Dungeon | 100.0 | 100.0 |   N/A |   N/A | 100.0 | 118.5
               +-------+-------+-------+-------+-------+----------------------
